TOP OF THE 1ST |
Cedar Rapids Kernels batting - Pitching for Clinton LumberKings : RHP Kevon Jamison
|
Pitching: RHP Kevon Jamison
|
|
Batting: LHB Jim Pankratz
|
0-0: Ball 1-0: SINGLE (Groundball, 34D, EV 96.3 MPH)
|
Batting: SHB Shohei Fujii
|
0-0: Ball 1-0: SINGLE (Groundball, 4MD, EV 93.8 MPH) Jim Pankratz to second
|
Batting: RHB Matt Dunn
|
0-0: Foul Ball, location: 2F 0-1: Ball 1-1: Ball 2-1: Fly out, F8 (Flyball, 89XD, EV 96.9 MPH) Runner from 2nd tags up, SAFE at 3rd, no throw by CF
|
Batting: RHB Mike Craver
|
0-0: Ball Shohei Fujii is caught stealing 2nd base 2-4 1-0: Ball 2-0: DOUBLE (Line Drive, 78D, EV 111.3 MPH) Jim Pankratz scores
|
Batting: LHB Israel Montoya
|
0-0: Called Strike 0-1: Ball 1-1: Called Strike 1-2: Ball 2-2: Ground out 4-3 (Groundball, 4, EV 95.0 MPH)
|
Top of the 1st over - 1 run, 3 hits, 0 errors, 1 left on base; Cedar Rapids 1 - Clinton 0 |
BOTTOM OF THE 1ST |
Clinton LumberKings batting - Pitching for Cedar Rapids Kernels : LHP Bobby Molina
|
Pitching: LHP Bobby Molina
|
|
Batting: SHB Jose Castillo
|
0-0: Ball 1-0: Ground out 6-3 (Groundball, 56, EV 79.4 MPH)
|
Batting: RHB Rick Ellis
|
0-0: Ball 1-0: Swinging Strike 1-1: Ball 2-1: Called Strike 2-2: Strikes out swinging
|
Batting: LHB Jason Hopkins
|
0-0: SINGLE (Groundball, 23, EV 73.8 MPH) (infield hit)
|
Batting: SHB Detlef Oursler
|
0-0: Ball 1-0: Ball 2-0: Ball 3-0: Base on Balls Jason Hopkins to second
|
Batting: LHB Justin Long
|
0-0: Called Strike 0-1: Foul Ball, location: 2F 0-2: 3-RUN HOME RUN (Flyball, 7LD, EV 100.0 MPH), Distance : 369 ft
|
Batting: RHB Emmanuel Thomas
|
0-0: Foul Ball, location: 2F 0-1: Ball 1-1: Ball 2-1: Foul Ball, location: 2F 2-2: Foul Ball, location: 2F 2-2: Foul Ball, location: 2F 2-2: Foul Ball, location: 2F 2-2: Ground out 5-3 (Groundball, 56S, EV 71.9 MPH)
|
Bottom of the 1st over - 3 runs, 2 hits, 0 errors, 0 left on base; Cedar Rapids 1 - Clinton 3 |
TOP OF THE 2ND |
Cedar Rapids Kernels batting - Pitching for Clinton LumberKings : RHP Kevon Jamison
|
Batting: LHB Mike Handrahan
|
0-0: Ball 1-0: Ball 2-0: Foul Ball, location: 2F 2-1: Ground out 4-3 (Groundball, 34, EV 101.9 MPH)
|
Batting: RHB Jake Wirthlin
|
0-0: Called Strike 0-1: Ball 1-1: Foul Ball, location: 2F 1-2: Ball 2-2: Strikes out swinging
|
Batting: RHB Orlando Blanco
|
0-0: Called Strike 0-1: Ball 1-1: Foul Ball, location: 2F 1-2: Strikes out looking
|
Top of the 2nd over - 0 runs, 0 hits, 0 errors, 0 left on base; Cedar Rapids 1 - Clinton 3 |
BOTTOM OF THE 2ND |
Clinton LumberKings batting - Pitching for Cedar Rapids Kernels : LHP Bobby Molina
|
Batting: LHB Ryan Rothenbach
|
0-0: Called Strike 0-1: Ball 1-1: Ground out 4-3 (Groundball, 4, EV 101.3 MPH)
|
Batting: SHB Victor Rijos
|
0-0: Called Strike 0-1: Ball 1-1: Ball 2-1: Foul Ball, location: 2F 2-2: Ball 3-2: Fly out, F8 (Flyball, 8RS, EV 90.0 MPH)
|
Batting: LHB Brian Butler
|
0-0: Ground out 4-3 (Groundball, P, EV 83.1 MPH)
|
Bottom of the 2nd over - 0 runs, 0 hits, 0 errors, 0 left on base; Cedar Rapids 1 - Clinton 3 |
TOP OF THE 3RD |
Cedar Rapids Kernels batting - Pitching for Clinton LumberKings : RHP Kevon Jamison
|
Batting: SHB Duri Chilemba
|
0-0: Called Strike 0-1: Swinging Strike 0-2: Ball 1-2: Ball 2-2: Strikes out swinging
|
Batting: LHB Jim Pankratz
|
0-0: Ball 1-0: Ball 2-0: Ball 3-0: Foul Ball, location: 2F 3-1: Base on Balls
|
Batting: SHB Shohei Fujii
|
0-0: Called Strike 0-1: Called Strike Jim Pankratz steals 2nd base 0-2: SINGLE (Groundball, 34D, EV 98.1 MPH) Jim Pankratz to third Runner from 3rd tries for Home, SAFE, throw by RF to home
|
Batting: RHB Matt Dunn
|
0-0: Called Strike 0-1: Ball 1-1: Fly out, F8 (Flyball, 8RM, EV 81.9 MPH)
|
Batting: RHB Mike Craver
|
0-0: Called Strike 0-1: Called Strike Shohei Fujii steals 2nd base 0-2: Ball 1-2: Strikes out swinging
|
Top of the 3rd over - 1 run, 1 hit, 0 errors, 1 left on base; Cedar Rapids 2 - Clinton 3 |
BOTTOM OF THE 3RD |
Clinton LumberKings batting - Pitching for Cedar Rapids Kernels : LHP Bobby Molina
|
Batting: SHB Jose Castillo
|
0-0: Bunted foul 0-1: Called Strike 0-2: Foul Ball, location: 2F 0-2: Ball 1-2: Foul Ball, location: 2F 1-2: Strikes out swinging
|
Batting: RHB Rick Ellis
|
0-0: Ball 1-0: Called Strike 1-1: Ground out 4-3 (Groundball, 4, EV 98.8 MPH)
|
Batting: LHB Jason Hopkins
|
0-0: Ball 1-0: Foul Ball, location: 2F 1-1: Ball 2-1: Ground out 1-3 (Groundball, 13, EV 63.8 MPH)
|
Bottom of the 3rd over - 0 runs, 0 hits, 0 errors, 0 left on base; Cedar Rapids 2 - Clinton 3 |
TOP OF THE 4TH |
Cedar Rapids Kernels batting - Pitching for Clinton LumberKings : RHP Kevon Jamison
|
Batting: LHB Israel Montoya
|
0-0: Ball 1-0: Ground out 6-3 (Groundball, P, EV 78.8 MPH)
|
Batting: LHB Mike Handrahan
|
0-0: Ball 1-0: Fly out, F7 (Flyball, 7LM, EV 86.9 MPH)
|
Batting: RHB Jake Wirthlin
|
0-0: Ball 1-0: Called Strike 1-1: Fly out, F3 (Line Drive, 3, EV 68.1 MPH)
|
Top of the 4th over - 0 runs, 0 hits, 0 errors, 0 left on base; Cedar Rapids 2 - Clinton 3 |
BOTTOM OF THE 4TH |
Clinton LumberKings batting - Pitching for Cedar Rapids Kernels : LHP Bobby Molina
|
Batting: SHB Detlef Oursler
|
0-0: Foul Ball, location: 2F 0-1: Ball 1-1: Called Strike 1-2: Strikes out swinging
|
Pitching: RHP Edwin Sanchez
|
|
Batting: LHB Justin Long
|
0-0: Ball 1-0: Called Strike 1-1: Ball 2-1: Ball 3-1: Base on Balls
|
Batting: RHB Emmanuel Thomas
|
0-0: Grounds into double play, 4-6-3 (Groundball, 34, EV 100.6 MPH)
|
Bottom of the 4th over - 0 runs, 0 hits, 0 errors, 0 left on base; Cedar Rapids 2 - Clinton 3 |
TOP OF THE 5TH |
Cedar Rapids Kernels batting - Pitching for Clinton LumberKings : RHP Kevon Jamison
|
Batting: RHB Orlando Blanco
|
0-0: Ground out 6-3 (Groundball, 6, EV 80.6 MPH)
|
Batting: SHB Duri Chilemba
|
0-0: Swinging Strike 0-1: Swinging Strike 0-2: Foul Ball, location: 2F 0-2: Ball 1-2: Fly out, F8 (Flyball, 8RXD, EV 85.0 MPH)
|
Batting: LHB Jim Pankratz
|
0-0: Foul Ball, location: 2F 0-1: Ball 1-1: Ball 2-1: Foul Ball, location: 2F 2-2: Ground out 6-3 (Groundball, 6, EV 103.1 MPH)
|
Top of the 5th over - 0 runs, 0 hits, 0 errors, 0 left on base; Cedar Rapids 2 - Clinton 3 |
BOTTOM OF THE 5TH |
Clinton LumberKings batting - Pitching for Cedar Rapids Kernels : RHP Edwin Sanchez
|
Batting: LHB Ryan Rothenbach
|
0-0: SINGLE (Groundball, 6M, EV 96.9 MPH) (infield hit)
|
Batting: SHB Victor Rijos
|
0-0: Ball 1-0: Called Strike 1-1: Swinging Strike 1-2: Ball 2-2: Strikes out looking
|
Batting: LHB Brian Butler
|
0-0: Ball 1-0: Ball 2-0: TRIPLE (Groundball, 5L, EV 96.3 MPH) Ryan Rothenbach scores
|
Pinch Runner at 3rd Justin Colella:
|
|
Batting: SHB Jose Castillo
|
0-0: Ball 1-0: Ground out 4-3 (Groundball, 4MD, EV 101.3 MPH) Justin Colella scores
|
Batting: RHB Rick Ellis
|
0-0: Ground out 4-3 (Groundball, 4, EV 83.1 MPH)
|
Bottom of the 5th over - 2 runs, 2 hits, 0 errors, 0 left on base; Cedar Rapids 2 - Clinton 5 |
TOP OF THE 6TH |
Cedar Rapids Kernels batting - Pitching for Clinton LumberKings : RHP Kevon Jamison
|
Now at 1B: Justin Colella
|
|
Batting: SHB Shohei Fujii
|
0-0: Called Strike 0-1: Fly out, F7 (Flyball, 7S, EV 88.8 MPH)
|
Batting: RHB Matt Dunn
|
0-0: Swinging Strike 0-1: SINGLE (Line Drive, 9S, EV 106.9 MPH)
|
Batting: RHB Mike Craver
|
0-0: Ball 1-0: Swinging Strike 1-1: Ball 2-1: Fielders Choice at 2nd, 4-6 (Groundball, 4, EV 98.1 MPH)
|
Batting: LHB Israel Montoya
|
0-0: Called Strike 0-1: Called Strike Mike Craver steals 2nd base 0-2: Strikes out swinging
|
Top of the 6th over - 0 runs, 1 hit, 0 errors, 1 left on base; Cedar Rapids 2 - Clinton 5 |
BOTTOM OF THE 6TH |
Clinton LumberKings batting - Pitching for Cedar Rapids Kernels : RHP Edwin Sanchez
|
Batting: LHB Jason Hopkins
|
0-0: Foul Ball, location: 2F 0-1: Called Strike 0-2: Foul Ball, location: 2F 0-2: DOUBLE (Line Drive, 89D, EV 107.5 MPH)
|
Batting: SHB Detlef Oursler
|
0-0: Called Strike 0-1: Ball 1-1: Foul Ball, location: 2F 1-2: Foul Ball, location: 2F 1-2: Ball 2-2: Fly out, F6 (Line Drive, 6, EV 70.0 MPH)
|
Batting: LHB Justin Long
|
0-0: Intentional Walk
|
Batting: RHB Emmanuel Thomas
|
0-0: Ball 1-0: Ball 2-0: Foul Ball, location: 2F 2-1: Grounds into double play, 6-4-3 (Groundball, 56, EV 82.5 MPH)
|
Bottom of the 6th over - 0 runs, 1 hit, 0 errors, 1 left on base; Cedar Rapids 2 - Clinton 5 |
TOP OF THE 7TH |
Cedar Rapids Kernels batting - Pitching for Clinton LumberKings : RHP Kevon Jamison
|
Batting: LHB Mike Handrahan
|
0-0: Swinging Strike 0-1: Ball 1-1: Swinging Strike 1-2: Strikes out swinging
|
Pitching: LHP Rentaro Minami
|
|
Batting: RHB Jake Wirthlin
|
0-0: Called Strike 0-1: Ball 1-1: Ball 2-1: Swinging Strike 2-2: Strikes out swinging
|
Batting: RHB Orlando Blanco
|
0-0: Ground out 4-3 (Groundball, 34D, EV 88.8 MPH)
|
Top of the 7th over - 0 runs, 0 hits, 0 errors, 0 left on base; Cedar Rapids 2 - Clinton 5 |
BOTTOM OF THE 7TH |
Clinton LumberKings batting - Pitching for Cedar Rapids Kernels : RHP Edwin Sanchez
|
Batting: LHB Ryan Rothenbach
|
0-0: Called Strike 0-1: Ball 1-1: Swinging Strike 1-2: Ground out 6-3 (Groundball, 56, EV 86.3 MPH)
|
Batting: SHB Victor Rijos
|
0-0: Ball 1-0: Ball 2-0: Foul Ball, location: 2F 2-1: Fly out, F1 (Line Drive, P, EV 67.5 MPH)
|
Batting: RHB Justin Colella
|
0-0: Called Strike 0-1: Ball 1-1: Called Strike 1-2: SINGLE (Line Drive, 8RS, EV 110.0 MPH)
|
Batting: SHB Jose Castillo
|
0-0: Ball 1-0: Foul Ball, location: 2F 1-1: Swinging Strike 1-2: Strikes out swinging
|
Bottom of the 7th over - 0 runs, 1 hit, 0 errors, 1 left on base; Cedar Rapids 2 - Clinton 5 |
TOP OF THE 8TH |
Cedar Rapids Kernels batting - Pitching for Clinton LumberKings : LHP Rentaro Minami
|
Batting: SHB Duri Chilemba
|
0-0: Ball 1-0: Ground out 1-3 (Groundball, 15S, EV 70.0 MPH)
|
Batting: LHB Jim Pankratz
|
0-0: Swinging Strike 0-1: Ball 1-1: Foul Ball, location: 2F 1-2: Foul Ball, location: 2F 1-2: Foul Ball, location: 2F 1-2: Strikes out swinging
|
Batting: SHB Shohei Fujii
|
0-0: Ball 1-0: Foul Ball, location: 2F 1-1: Ball 2-1: Fly out, F9 (Flyball, 9LS, EV 96.9 MPH)
|
Top of the 8th over - 0 runs, 0 hits, 0 errors, 0 left on base; Cedar Rapids 2 - Clinton 5 |
BOTTOM OF THE 8TH |
Clinton LumberKings batting - Pitching for Cedar Rapids Kernels : RHP Edwin Sanchez
|
Pitching: RHP Bruce Wight
|
|
Batting: RHB Rick Ellis
|
0-0: Swinging Strike 0-1: Foul Ball, location: 2F 0-2: Foul Ball, location: 2F 0-2: Ball 1-2: Foul Ball, location: 2F 1-2: Strikes out swinging
|
Batting: LHB Jason Hopkins
|
0-0: Ball 1-0: SOLO HOME RUN (Flyball, 9D, EV 97.5 MPH), Distance : 391 ft
|
Batting: SHB Detlef Oursler
|
0-0: Called Strike 0-1: Ball 1-1: Ball 2-1: Called Strike 2-2: Foul Ball, location: 2F 2-2: Strikes out swinging
|
Batting: LHB Justin Long
|
0-0: Ball 1-0: Called Strike 1-1: SINGLE (Groundball, 4MD, EV 94.4 MPH)
|
Batting: RHB Emmanuel Thomas
|
0-0: Foul Ball, location: 2F 0-1: Ball 1-1: Foul Ball, location: 2F 1-2: Ball 2-2: Ground out 5-3 (Groundball, 56S, EV 90.0 MPH)
|
Bottom of the 8th over - 1 run, 2 hits, 0 errors, 1 left on base; Cedar Rapids 2 - Clinton 6 |
TOP OF THE 9TH |
Cedar Rapids Kernels batting - Pitching for Clinton LumberKings : LHP Rentaro Minami
|
Pitching: RHP David Lane
|
|
Batting: RHB Matt Dunn
|
0-0: Swinging Strike 0-1: Ball 1-1: Ball 2-1: Foul Ball, location: 2F 2-2: Strikes out swinging
|
Batting: RHB Mike Craver
|
0-0: Fly out, F7 (Flyball, 7, EV 97.5 MPH)
|
Batting: LHB Israel Montoya
|
0-0: Foul Ball, location: 2F 0-1: Called Strike 0-2: Ball 1-2: Fly out, F9 (Flyball, 9LS, EV 83.1 MPH)
|
Top of the 9th over - 0 runs, 0 hits, 0 errors, 0 left on base; Cedar Rapids 2 - Clinton 6 |
|